Map: Twilight Fortress

Players

Theseues - Winner!

  • Race: Terran Terran
  • Spawn Location: 7:00

sugubatul

  • Race: Zerg Zerg
  • Spawn Location: 1:00

VOD

Have the link to the VOD?

Description

Time

  • Played on: July 6, 2024, 5:25 a.m.
  • Length: 20:07
Show
View Real Time Build Order
Export as new Build Order

Theseues Terran - Winner!

Build Orders:  

Get SALT Encoding   

  12  0:00  SCV  
  13  0:12  SCV  
  14  0:19  Supply Depot  
  14  0:24  SCV  
  15  0:40  SCV  
  15  0:41  Barracks  
  16  0:48  Supply Depot  
  16  0:55  Refinery  
  16  0:56  SCV  
  17  1:08  SCV  
  18  1:17  Barracks  
  18  1:30  Barracks Tech Lab  
  18  1:31  Bunker  
  18  1:36  SCV  
  19  1:48  SCV  
  19  1:49  Refinery  
  19  1:51  Marine  
  21  2:00  SCV  
  22  2:08  Marine  
  22  2:09  Stimpack  
  23  2:18  Barracks Reactor  
  23  2:26  Marine  
  24  2:34  Bunker  
  24  2:39  Orbital Command  
  24  2:44  Marine  
  24  2:49  Supply Depot  
  25  2:58  Marine  
  25  3:02  Marine, Marauder  
  29  3:16  Marine  
  29  3:19  Engineering Bay  
  30  3:21  SCV  
  31  3:33  SCV  
  32  3:38  Factory  
  32  3:44  Factory  
  32  3:45  Marine x2, SCV  
  32  3:46  Marauder  
  37  4:01  SCV  
  38  4:03  Marine  
  39  4:14  Supply Depot  
  39  4:17  Supply Depot  
  39  4:33  Sensor Tower  
  39  4:35  SCV  
  39  4:36  Marauder  
  42  4:42  Marine x2  
  44  4:47  SCV  
  45  4:52  Factory Tech Lab  
  45  4:59  SCV  
  46  5:00  Starport  
  46  5:12  Command Center  
  46  5:16  Missile Turret  
  46  5:18  Marine x2  
  46  5:19  Marauder  
  50  5:29  Terran Infantry Weapons Level 1  
  50  5:32  Concussive Shells  
  50  5:41  Marauder  
  52  5:48  Marine x2  
  52  5:49  Starport Reactor  
  54  6:01  Sensor Tower  
  54  6:15  Combat Shield  
  54  6:18  Armory  
  54  6:24  Siege Tank  
  57  6:26  Orbital Command  
  57  6:33  SCV  
  58  6:45  SCV  
  59  6:48  Medivac  
  59  6:49  Medivac  
  63  6:56  Widow Mine  
  63  6:57  SCV  
  66  7:04  Drilling Claws  
  66  7:10  SCV  
  67  7:17  Terran Vehicle Weapons Level 1  
  67  7:18  Viking  
  67  7:22  SCV  
  70  7:39  Supply Depot  
  70  7:40  Supply Depot  
  70  7:41  Supply Depot  
  70  7:43  Supply Depot  
  70  7:44  Supply Depot  
  70  8:00  Marine x2  
  70  8:01  Widow Mine, Marauder, SCV x2  
  78  8:07  Factory  
  78  8:13  SCV  
  78  8:16  SCV  
  80  8:22  Widow Mine, Marauder  
  80  8:25  SCV  
  85  8:28  SCV  
  86  8:36  Command Center, Supply Depot  
  86  8:37  Supply Depot, SCV  
  87  8:44  Widow Mine  
  89  8:55  Medivac  
  89  8:56  Medivac  
  89  9:00  Supply Depot  
  89  9:01  Supply Depot  
  93  9:05  Widow Mine  
  95  9:13  SCV x2  
  97  9:18  Command Center  
  97  9:20  Refinery  
  97  9:21  Factory Reactor  
  97  9:23  Refinery  
  97  9:24  Supply Depot  
  97  9:25  SCV x2  
  97  9:26  Supply Depot  
  97  9:27  Viking  
  101  9:47  Supply Depot  
  101  9:50  Supply Depot  
  101  9:54  Marine x2  
  101  9:55  Marine  
  101  9:58  Widow Mine x2  
  110  10:00  Siege Tank  
  111  10:11  Supply Depot  
  111  10:12  Marine x2  
  111  10:13  Marauder  
  115  10:15  Supply Depot  
  115  10:17  Orbital Command  
  115  10:19  Widow Mine x2  
  119  10:30  Marine  
  119  10:33  Siege Tank  
  119  10:34  Marauder  
  117  10:36  Supply Depot  
  117  10:41  Widow Mine  
  77  11:29  Marine x3  
  80  11:40  Barracks x2  
  80  11:43  Barracks  
  80  11:44  Barracks  
  80  11:46  Orbital Command  
  80  11:47  Marine x3  
  80  11:49  Barracks x2, SCV x3  
  80  11:50  Barracks x3  
  80  11:53  Barracks  
  86  12:01  SCV x3  
  86  12:05  Marine  
  90  12:13  SCV x2  
  90  12:14  SCV  
  93  12:17  Siege Tank  
  93  12:19  Widow Mine  
  93  12:20  Widow Mine  
  93  12:22  Viking x2  
  104  12:25  SCV x2  
  104  12:26  SCV  
  107  12:37  SCV  
  107  12:38  SCV  
  107  12:41  Widow Mine x2  
  113  12:50  Siege Tank  
  116  12:53  Barracks Tech Lab x2, Barracks Reactor  
  116  12:54  Barracks Tech Lab x2, Barracks Reactor  
  116  12:56  Marine  
  116  12:57  Marine x5  
  123  13:02  Widow Mine x2, Marauder  
  128  13:14  Marine x2  
  128  13:15  Marine x4  
  133  13:22  Siege Tank  
  133  13:23  Widow Mine, Marauder  
  133  13:24  Widow Mine  
  136  13:32  Marine x6  
  126  13:37  Marine  
  126  13:38  Marine x5  
  129  13:44  Marine  
  130  13:50  Marine x2  
  130  13:54  Barracks Reactor, Siege Tank  
  130  13:55  Marine  
  138  13:56  Marine  
  137  14:03  Barracks Reactor x3  
  137  14:07  Marauder x2  
  137  14:08  Marine x2, Marauder x3  
  149  14:13  Marine x2  
  151  14:26  Marine x2, Widow Mine  
  151  14:28  Marine, Marauder  
  151  14:29  Marine x2, Marauder  
  151  14:31  Marine x2  
  164  14:43  Marine  
  164  14:44  Marine  
  166  14:46  Marine x2  
  166  14:47  Marine  
  166  14:49  Marine x4  
  173  15:01  Marine  
  173  15:02  Marine  
  165  15:12  Orbital Command  
  162  16:02  Marine  
  162  16:03  Marine  
  162  16:04  SCV x4  
  165  16:08  Refinery  
  165  16:09  Refinery  
  165  16:11  Marine x3  
  168  16:12  Marine x2  
  168  16:14  Refinery  
  168  16:15  Widow Mine, Siege Tank  
  168  16:16  Widow Mine, SCV x4  
  184  16:18  Refinery  
  184  16:28  SCV x4  
  188  16:36  Widow Mine  
  188  16:37  Widow Mine  
  192  16:40  SCV x3  
  192  16:41  Marine x5  
  162  17:23  Marine  
  162  17:24  Marine x16  
  162  17:27  Siege Tank  
  162  17:29  Medivac  
  184  17:41  Marine x6  
  184  17:42  Marine x10  
  198  18:36  Marine  
  198  18:37  Marine  
  184  19:41  Marine  
  184  19:42  Marine x15  
Show
View Real Time Build Order
Export as new Build Order

sugubatul Zerg 

Build Orders: Hatch First 

Get SALT Encoding   

  12  0:00  Drone  
  13  0:12  Drone  
  14  0:17  Overlord  
  14  0:49  Hatchery  
  13  0:59  Spawning Pool  
  12  1:04  Drone  
  12  1:06  Drone  
  14  1:12  Extractor  
  14  1:14  Drone  
  14  1:22  Overlord  
  14  1:26  Drone  
  15  1:46  Zergling x2  
  16  1:50  Drone  
  17  2:00  Queen  
  19  2:01  Drone  
  19  2:04  Drone  
  21  2:17  Drone  
  21  2:22  Queen  
  24  2:25  Baneling Nest, Drone  
  24  2:31  Drone  
  25  2:40  Extractor, Drone x2  
  25  2:41  Drone  
  27  2:46  Drone  
  27  3:07  Drone x2  
  27  3:09  Overlord  
  27  3:10  Drone  
  30  3:18  Zergling x2  
  31  3:30  Drone x2  
  31  3:32  Drone  
  31  3:33  Drone  
  35  3:35  Hatchery  
  35  3:40  Drone  
  35  3:45  Zergling x4  
  37  3:49  Lair  
  37  3:54  Drone x2  
  39  3:55  Drone  
  40  4:04  Zergling x2  
  40  4:05  Zergling x2  
  42  4:11  Baneling  
  42  4:12  Baneling x4  
  42  4:13  Baneling  
  42  4:14  Zergling x2  
  43  4:21  Drone  
  43  4:23  Overlord x2  
  44  4:41  Drone x2  
  44  4:42  Drone x2  
  44  4:44  Overlord  
  49  4:45  Drone  
  49  4:56  Queen  
  49  4:57  Drone  
  49  4:59  Zergling x4  
  54  5:05  Centrifugal Hooks  
  54  5:10  Drone x3  
  54  5:13  Extractor  
  56  5:15  Drone x2  
  56  5:16  Extractor  
  56  5:18  Hatchery  
  56  5:22  Baneling x9  
  56  5:23  Baneling  
  56  5:24  Drone x2  
  58  5:32  Drone  
  58  5:33  Drone  
  60  5:38  Drone x3  
  63  5:45  Drone  
  64  5:55  Zergling x2  
  64  5:56  Zergling x6  
  68  6:01  Drone  
  69  6:05  Drone  
  69  6:06  Zergling x2  
  69  6:07  Zergling x2  
  72  6:12  Spire, Hatchery  
  70  6:20  Drone  
  70  6:21  Drone  
  70  6:22  Zergling x2  
  70  6:23  Zergling x2  
  70  6:24  Overlord x2  
  74  6:32  Drone x3  
  77  6:33  Drone  
  77  6:36  Extractor  
  77  6:38  Extractor  
  76  6:40  Zergling x6, Drone  
  76  6:42  Baneling  
  76  6:43  Baneling x12  
  80  6:49  Zergling x2  
  80  6:52  Queen  
  80  6:53  Drone x3  
  86  7:03  Drone  
  86  7:04  Zergling x6  
  86  7:06  Drone x4  
  86  7:07  Drone  
  95  7:15  Overlord  
  95  7:21  Metabolic Boost  
  95  7:25  Mutalisk x3  
  101  7:31  Drone  
  102  7:47  Zergling x2  
  102  7:48  Zergling x14  
  110  7:53  Overlord x2  
  110  8:09  Hatchery  
  110  8:10  Infestation Pit, Drone x2  
  110  8:11  Queen  
  113  8:12  Drone  
  113  8:13  Drone x2  
  115  8:23  Baneling  
  115  8:24  Baneling x30  
  115  8:25  Baneling x2  
  115  8:26  Zergling x8  
  119  8:33  Drone x3  
  122  8:37  Overlord  
  122  8:39  Drone x3  
  122  8:40  Drone  
  126  8:42  Overlord x2  
  126  8:57  Drone x2  
  126  9:00  Extractor  
  126  9:01  Extractor  
  126  9:10  Mutalisk, Zergling x2  
  126  9:11  Mutalisk x3  
  126  9:14  Mutalisk  
  126  9:15  Mutalisk x2  
  141  9:26  Drone x3  
  144  9:33  Drone  
  145  9:40  Mutalisk  
  145  9:41  Mutalisk x3  
  145  9:45  Queen  
  155  9:52  Zerg Flyer Weapons Level 1  
  155  9:54  Hatchery  
  155  9:57  Mutalisk  
  155  9:58  Overlord  
  155  9:59  Overlord  
  156  10:20  Queen, Hatchery  
  157  10:22  Zergling x2  
  157  10:23  Zergling x8  
  157  10:24  Zergling x4  
  106  11:10  Zergling x20  
  105  11:16  Zergling x16  
  105  11:17  Queen  
  111  11:24  Zergling x4  
  113  11:27  Hive  
  113  11:30  Zergling x2  
  114  11:33  Zergling x4  
  114  11:39  Baneling x13  
  116  11:40  Baneling x23  
  116  11:42  Zergling x8  
  116  11:44  Queen  
  116  11:45  Zergling x2  
  116  11:46  Overlord, Zerg Flyer Armor Level 1, Zergling x2  
  116  11:47  Overlord x2  
  124  11:49  Zergling x2  
  124  11:53  Zergling x6  
  128  12:01  Zergling x2  
  128  12:03  Zergling x2  
  130  12:20  Zergling x8  
  130  12:21  Mutalisk x2  
  138  12:23  Mutalisk x9  
  156  12:32  Zergling x2  
  156  12:33  Zergling x4  
  159  12:37  Zergling x2  
  159  12:38  Zergling x6  
  159  12:39  Zergling x6  
  159  12:42  Mutalisk x2  
  159  12:44  Mutalisk  
  172  12:52  Ultralisk Cavern  
  171  13:00  Zergling x2  
  104  13:34  Zergling x2  
  104  13:35  Zergling x8  
  104  13:36  Zergling x2  
  104  13:37  Zergling x6  
  104  13:39  Zergling x12  
  112  13:43  Chitinous Plating  
  109  13:53  Ultralisk  
  109  13:54  Ultralisk x6  
  151  13:56  Ultralisk x5  
  151  13:57  Zergling x2  
  151  13:58  Zergling x24  
  151  13:59  Ultralisk  
  200  14:20  Hatchery  
  198  15:02  Anabolic Synthesis  
  111  15:30  Zergling x2  
  111  15:31  Zergling x8  
  111  15:32  Zergling x8  
  111  15:33  Zergling x10  
  113  15:36  Queen  
  113  15:42  Mutalisk, Zergling x2  
  116  15:43  Mutalisk x4  
  116  15:44  Mutalisk  
  116  15:45  Mutalisk x5  
  116  15:46  Mutalisk  
  116  15:47  Mutalisk x2  
  116  15:48  Mutalisk x2  
  148  16:04  Zergling x2  
  149  16:05  Zergling x2  
  150  16:19  Drone x2  
  150  16:20  Drone  
  150  16:21  Zergling x8  
  150  16:24  Zergling x8  
  162  16:25  Zergling x2  
  162  16:26  Zergling x4  
  162  16:28  Zergling x12  
  162  16:30  Zergling x16  
  162  16:31  Zergling x2  
  162  16:32  Zergling x29  
  194  16:33  Zergling x12  
  194  16:34  Zergling  
  110  17:21  Zergling x2  
  110  17:22  Zergling x8  
  103  17:25  Zergling x14  
  103  17:26  Zergling x2  
  103  17:27  Zergling x16  
  119  17:31  Swarm Host x6  
  119  17:36  Swarm Host x5  
  97  18:38  Swarm Host  
  97  18:39  Swarm Host x6  
  102  18:45  Ultralisk x7  
  102  18:46  Ultralisk x2  
  156  18:54  Zergling x4  
  156  18:55  Ultralisk x3  
  73  19:43  Zergling x6  
Tags
 
Add a new tag
Caveats
  • Supply blocks, unpowered buildings, or Contaminate may cause inaccurate times.
  • Supply counts are checked every 10 seconds.